 Dungeon Crawl Stone Soup version 0.28-a0-535-g6f645e4c1d (webtiles) character file.

Game seed: 952942287792593814

20 jasper the Insei (level 2, 0/21 HPs)
             Began as a Vampire Transmuter on Sept 26, 2021.
             Was a Believer of Lugonu.
             Slain by an adder (4 damage)
             ... on level 2 of the Dungeon.
             The game lasted 00:01:27 (1037 turns).

jasper the Insei (Vampire Transmuter)               Turns: 1037, Time: 00:01:27

Health: 0/21       AC:  2    Str:  9    XL:     2   Next: 58%
Magic:  4/5        EV: 11    Int: 15    God:    Lugonu [**....]
Gold:   20         SH:  3    Dex: 14    Spells: 2/5 levels left

rFire   . . .      SeeInvis +     - Unarmed
rCold   . . .      Faith    .   e - +0 buckler
rNeg    . . .      Spirit   .   a - +0 robe
rPois   .          Reflect  .   (helmet currently unavailable)
rElec   .          Harm     .   (no cloak)
rCorr   .          Rampage  .   (no gloves)
Will    .....                   (boots currently unavailable)
Stlth   +.........              (no amulet)
HPRegen 0.27/turn               (no ring)
MPRegen 0.09/turn               (no ring)

@: lethally poisoned (0 -> -8), appendages, healing quickly
A: horns 2, talons 2, alive, fangs 3, see invisible, vampiric 1
a: Exsanguinate, End Transformation, Renounce Religion, Depart the Abyss, Bend
Space


You were on level 2 of the Dungeon.
You worshipped Lugonu.
Lugonu was pleased with you.
You had temporarily grown beastly horns and talons.
You visited 1 branch of the dungeon, and saw 2 of its levels.

You collected 20 gold pieces.

Inventory:

Armour
 a - a +0 robe (worn)
 e - a +0 buckler (worn)
Scrolls
 d - a scroll of immolation
Potions
 b - a potion of resistance
 f - a potion of flight
 g - a potion of brilliance {unknown}


   Skills:
 + Level 1.2 Fighting
 + Level 2.4 Dodging
 + Level 0.0 Shields
 + Level 3.4 Unarmed Combat
 + Level 2.2 Spellcasting
 + Level 2.5 Transmutations
 + Level 0.2 Invocations


You had 2 spell levels left.
You knew the following spells:

 Your Spells              Type           Power      Damage    Failure   Level
a - Beastly Appendage     Tmut           18%        N/A       13%         1
b - Wereblood             Tmut           9%         N/A       21%         2

Your spell library contained the following spells:

 Spells                   Type           Power      Damage    Failure   Level
 Spider Form              Tmut/Pois      2%         N/A       54%         3
 Ice Form                 Ice/Tmut       5%         N/A       91%         4


Dungeon Overview and Level Annotations

Branches:
Dungeon (2/15)

Altars:
Lugonu


Innate Abilities, Weirdness & Mutations

You have temporarily grown beastly horns and talons.
Your natural rate of healing is accelerated.
You have razor-sharp teeth.
You have supernaturally acute eyesight. (SInv)
You are afflicted with vampirism.


Message History

You kill the giant cockroach!
Lugonu accepts your kill.
You see here a giant cockroach corpse.
An adder comes into view.
Health restored: 21 An adder is nearby!
An adder is nearby!
An adder is nearby!
Casting: Beastly Appendage (safe; 13% risk of failure)
Confirm with . or Enter, or press ? or * to list all spells.
You grow a pair of large bovine horns.
Your feet morph into talons.
You now have 4/5 mp.
A giant cockroach comes into view.
The adder hisses angrily.
The adder bites you.
You are poisoned.
The adder poisons you!
You take 1 damage, and have 20/21 hp.
You miss the adder.
You feel sick. The adder completely misses you.
You take 2 damage, and have 18/21 hp.
You miss the adder. You claw the adder.
The adder is moderately wounded.
You feel sick. You block the giant cockroach's attack. The adder bites you.
You are more poisoned.
The adder poisons you! The giant cockroach barely misses you.
You take 4 damage, and have 14/21 hp.
You hit the adder.
The adder is heavily wounded.
You feel sick. The adder bites you.
You are lethally poisoned!
The adder poisons you!
The giant cockroach bites you but does no damage.
The adder bites you.
You take 7 damage, and have 7/21 hp.
MASSIVE DAMAGE!!
You hit the adder but do no damage. Your kick misses the adder.
The adder is heavily wounded.
* * * LOW HITPOINT WARNING * * *
You feel very sick. You block the giant cockroach's attack.
The adder bites you.
You die...

#. ## #. # #. # #. #+#
##.#.#.#######.#
.............#.#
....##.####.#.## ####
#.####.## #....## ##...
#...B@.###.....###...#
#.####S...........†...#
#.####.#.#####...# #.#
#.#.# ##### #.# #.#.#
#.. ..#.# ### ###.# ..


You could see an adder and a giant cockroach.

Vanquished Creatures
  4 ball pythons (D:1)
  3 endoplasms (D:1)
  2 giant cockroaches
  2 jackals (D:1)
  A quokka (D:1)
  2 bats (D:1)
  3 kobolds
  2 rats
19 creatures vanquished.

Notes
Turn   | Place    | Note
-------+----------+-------------------------------------------
     0 | D:1      | jasper the Vampire Transmuter began the quest for the Orb.
     0 | D:1      | Reached XP level 1. HP: 14/14 MP: 3/3
    74 | D:1      | Reached skill level 1 in Fighting
   243 | D:1      | Reached XP level 2. HP: 19/21 MP: 5/5
   281 | D:1      | Learned a level 2 spell: Wereblood
   329 | D:1      | Found a faded altar of an unknown god.
   339 | D:1      | Became a worshipper of Lugonu the Unformed
   339 | D:1      | Reached * piety under Lugonu
   339 | D:1      | Reached ** piety under Lugonu
  1037 | D:2      | Slain by an adder

Illustrated notes

Levels and vault maps discovered:
D:1:      dpeg_arrival_ternary, layout_loops_ring,
          hellmonk_ecumenical_altar_blasted, chequers_decorated_corner
D:2:      cheibrodos_helix_gallery, layout_loops_corners, uniq_robin

Skill      XL: |  1 |
---------------+----+-----
Fighting       | 1 |  1.2
Dodging        | |  2.4
Unarmed Combat | |  3.4
Spellcasting   | |  2.2
Transmutations | |  2.5
Invocations    | |  0.2

Action                   || total
-------------------------++-------
Melee: Unarmed           ||    76
       Bite              ||     5
       Kick              ||     1
 Cast: Beastly Appendage ||     3
  Use: Scroll            ||     2
Armor: Robe              ||    21
Dodge: Dodged            ||    63
Block: Buckler           ||     4

Table legend: (Time is in decaauts)
 A = Elapsed time spent in this place.
 B = Non-inter-level travel time spent in this place.
 C = Inter-level travel time spent in this place.
 D = Time resting spent in this place.
 E = Time spent auto-exploring this place.
 F = Levels seen in this place.
 G = Mean time per level.
                   A        B        C        D        E       F      G
               +--------+--------+--------+--------+--------+-----+--------+
         Total |   1034 |    997 |     37 |      0 |    764 |   2 |  517.0 |
       Dungeon |   1034 |    997 |     37 |      0 |    764 |   2 |  517.0 |
               +--------+--------+--------+--------+--------+-----+--------+

Top non-repeatable levels by time:
     D:1: 901 daAuts
     D:2: 132 daAuts
